 Dungeon Crawl Stone Soup version 0.29-a0-330-g52719c12eb (webtiles) character file.

Game seed: 7167749858838867750

266 kae the Firebug (level 5, -2/38 HPs)
             Began as a Demigod Fire Elementalist on Apr 23, 2022.
             Slain by an orc
             ... wielding a +0 flail
              (6 damage)
             ... on level 4 of the Dungeon.
             The game lasted 00:03:58 (4208 turns).

kae the Firebug (Demigod Fire Elementalist)         Turns: 4208, Time: 00:03:59

Health: -2/38      AC:  4    Str:  9    XL:     5   Next: 67%
Magic:  10/12      EV: 12    Int: 21    God:
Gold:   104        SH:  0    Dex: 14    Spells: 4/10 levels left

rFire   . . .      SeeInvis .   (no weapon)
rCold   . . .      Faith    .   (no shield)
rNeg    . . .      Spirit   .   a - +0 robe
rPois   .          Reflect  .   (no helmet)
rElec   .          Harm     .   (no cloak)
rCorr   +          Rampage  .   n - +1 pair of gloves
Will    .....                   (no boots)
Stlth   ++........              (no amulet)
HPRegen 0.12/turn               l - ring of resist corrosion
MPRegen 0.13/turn               (no ring)

@: no status effects
A: high MP 1, forlorn, divine attributes
a: no special abilities


You were on level 4 of the Dungeon.
You visited 1 branch of the dungeon, and saw 4 of its levels.

You collected 104 gold pieces.

Inventory:

Missiles
 c - 3 throwing nets
Armour
 a - a +0 robe (worn)
 n - a +1 pair of gloves (worn)
Jewellery
 f - a ring of ice
 l - a ring of resist corrosion (left hand)
Scrolls
 i - a scroll of enchant weapon
Potions
 b - a potion of magic
 d - a potion of mutation
 e - a potion of might
 g - a potion of flight {unknown}
 h - a potion of lignification
 j - a potion of degeneration
 k - a potion of attraction {unknown}
 m - a potion of curing {unknown}
 o - 2 potions of brilliance {unknown}


   Skills:
 - Level 1.7 Dodging
 - Level 1.7 Stealth
 + Level 3.0 Spellcasting
 + Level 2.6 Conjurations
 * Level 4.7 Fire Magic


You had 4 spell levels left.
You knew the following spells:

 Your Spells              Type           Power      Damage    Failure   Level
a - Foxfire               Conj/Fire      72%        2x1d7     3%          1
b - Scorch                Fire           46%        2d7       2%          2
c - Conjure Flame         Conj/Fire      18%        6-21      9%          3

Your spell library contained the following spells:

 Spells                   Type           Power      Damage    Failure   Level
 Summon Small Mammal      Summ           12%        N/A       13%         1
 Inner Flame              Hex/Fire       13%        N/A       16%         3
 Flame Wave               Conj/Fire      18%        2d6       28%         4


Dungeon Overview and Level Annotations

Branches:
Dungeon (4/15)
 Temple: D:4-7

Annotations:
D:4 Blork the orc


Innate Abilities, Weirdness & Mutations

You have an increased reservoir of magic. (+10% MP)
You shall have no god before yourself.
Your divine heritage dramatically boosts your attributes as you level up.


Message History

Blork the orc miscasts a cantrip.
Casting: Foxfire (safe; 3% risk of failure)
Confirm with . or Enter, or press ? or * to list all spells.
You conjure some foxfire!
The foxfire hits the orc.
The orc is lightly wounded.
The foxfire hits the orc.
The orc is almost dead.
Blork the orc casts a spell at you. The puff of frost hits you.
Casting: Foxfire (safe; 3% risk of failure)
Confirm with . or Enter, or press ? or * to list all spells.
You conjure some foxfire!
The orc misses you.
The foxfire hits the orc!
You kill the orc!
The foxfire hits the orc.
The orc is almost dead.
The orc hits you with a +0 flail.
Blork the orc looks braver for a moment.
Blork the orc gestures wildly while chanting.
Blork the orc seems to speed up.
You hear an angry hiss.
Blork the orc points at you and mumbles some strange words.
The puff of flame hits you!
The orc priest calls upon Beogh to heal the orc.
The orc is healed somewhat.
The orc attacks as you move away! The orc closely misses you.
The orc priest mumbles some strange prayers to Beogh against you.
Beogh smites you!
* * * LOW HITPOINT WARNING * * *
Blork the orc gestures at you while chanting.
The magic dart hits you.
* * * LOW HITPOINT WARNING * * *
Things that are here:
a +0 whip; a gnoll skeleton
Things that are here:
a +0 halberd; a gnoll corpse
There is a stone staircase leading up here.
The orc hits you with a +0 flail.
You die...

#.............##
##..............## ....
#................# .......
##................. .......
##.................. .......
#......)......)...#.
#.......##..#..............#
#.......#..o....)...)......#
#......#..)#@(....).......##
#.........#.)............#
....#....##.............##
#. ##....o################
#.#..oo.## #...^..# ###
##...)###..... #......o.....
#..##########


You could see an orc.

Vanquished Creatures
  A scorpion (D:4)
  A jelly (D:3)
  An iguana (D:4)
  4 gnolls
  4 adders
  4 worms
  8 orcs
  4 endoplasms
  5 giant cockroaches
  7 hobgoblins
  3 quokkas (D:3)
  4 ball pythons
  A bat (D:1)
  A frilled lizard (D:1)
  8 goblins
  4 kobolds
  6 rats
66 creatures vanquished.

Vanquished Creatures (collateral kills)
  A foxfire (D:2)
1 creature vanquished.

Vanquished Creatures (others)
  251 foxfires
  A plant (D:2)
252 creatures vanquished.

Grand Total: 319 creatures vanquished

Notes
Turn   | Place    | Note
-------+----------+-------------------------------------------
     0 | D:1      | kae the Demigod Fire Elementalist began the quest for the
                  | Orb.
     0 | D:1      | Reached XP level 1. HP: 14/14 MP: 5/5
   100 | D:1      | Reached skill level 1 in Conjurations
   299 | D:1      | Reached skill level 3 in Fire Magic
   343 | D:1      | Reached XP level 2. HP: 20/20 MP: 2/7
   636 | D:1      | Learned a level 2 spell: Scorch
  1498 | D:1      | Reached XP level 3. HP: 26/26 MP: 3/8
  2223 | D:2      | Got Plato's Incunabulum of Summoning
  2677 | D:3      | Reached XP level 4. HP: 27/33 MP: 5/10
  3212 | D:3      | Reached skill level 4 in Fire Magic
  3765 | D:3      | Learned a level 3 spell: Conjure Flame
  3928 | D:4      | Reached XP level 5. HP: 31/38 MP: 5/12
  4195 | D:4      | Noticed Blork the orc
  4208 | D:4      | Slain by an orc

Illustrated notes

Levels and vault maps discovered:
D:1:      dpeg_arrival_chambers_temple_mockup, layout_basic
D:2:      layout_rooms, shapermc_ecumenical_altar_rom_forum
D:3:      layout_loops_ring
D:4:      layout_cave_pods, uniq_blork_the_orc

Skill      XL: |  1  2  3  4  5 |
---------------+----------------+-----
Conjurations   | 1 2 |  2.6
Fire Magic     | 3 4 |  4.7
Spellcasting   | 2 3 |  3.0
Dodging        | |  1.7
Stealth        | |  1.7

Action                   |  1- 3 |  4- 6 || total
-------------------------+-------+-------++-------
Melee: Unarmed           |    10 |       ||    10
       Punch             |     1 |       ||     1
 Cast: Foxfire           |    99 |    44 ||   143
       Scorch            |     3 |    13 ||    16
  Use: Scroll            |       |     9 ||     9
Armor: Robe              |     6 |     5 ||    11
Dodge: Dodged            |    30 |    30 ||    60

Table legend: (Time is in decaauts)
 A = Elapsed time spent in this place.
 B = Non-inter-level travel time spent in this place.
 C = Inter-level travel time spent in this place.
 D = Time resting spent in this place.
 E = Time spent auto-exploring this place.
 F = Levels seen in this place.
 G = Mean time per level.
                   A        B        C        D        E       F      G
               +--------+--------+--------+--------+--------+-----+--------+
         Total |   4212 |   4037 |    175 |    288 |   3100 |   4 | 1053.0 |
       Dungeon |   4212 |   4037 |    175 |    288 |   3100 |   4 | 1053.0 |
               +--------+--------+--------+--------+--------+-----+--------+

Top non-repeatable levels by time:
     D:1: 1395 daAuts
     D:2: 1291 daAuts
     D:3: 1156 daAuts
     D:4: 369 daAuts
